 Dungeon Crawl Stone Soup version 0.26-a0-850-g97a50ab700 (console) character file.

Game seed: 2789007784457605350

544264 jejorda2 the Hoplite (level 24, -2/151 HPs)
             Began as a Vampire Berserker on Nov 20, 2020.
             Was a High Priest of Trog.
             Slain by an ettin skeleton (6 damage)
             ... on level 2 of the Tomb of the Ancients.
             The game lasted 04:53:19 (69585 turns).

jejorda2 the Hoplite (Vampire Berserker)           Turns: 69585, Time: 04:53:21

Health: -2/151     AC: 46    Str: 32    XL:     24   Next: 84%
Magic:  23/23      EV: 13    Int:  6    God:    Trog [*****.]
Gold:   3908       SH: 32    Dex: 17    Spells: 23/23 levels left

rFire    + . .     SeeInvis +   b - +9 double sword (vorpal)
rCold    + + +     Faith    .   G - +5 tower shield "Obioneix" {Str+7}
rNeg     + + +     Spirit   .   r - +9 scales of the Dragon King {rPois rF+ rC+ MR+}
rPois    ∞         Reflect  .   i - +2 helmet "Kiczudgh" {+Inv rF+ Str+3 Slay+3}
rElec    +         Harm     .   d - +2 cloak {rCorr}
rCorr    +         Rampage  .   S - +2 pair of gloves {archery}
MR       ++++.                  s - +2 pair of boots {Fly}
Stlth    ..........             K - amulet of the acrobat
HPRegen  0.00/turn              E - ring of Xyal {rN+ MR+ Str+4 Int-4 Slay+2}
MPRegen  0.18/turn              T - ring of Yesterday {+Fly rElec rF- AC+4 Str-5}

@: flying, bloodless, slowed, very slow
A: fangs 3, see invisible, unbreathing
}: 3/15 runes: serpentine, barnacled, silver
a: Bat Form, Revivify, Berserk, Trog's Hand, Brothers in Arms, Renounce
Religion, Evoke Invisibility, Stop Flying


You were on level 2 of the Tomb of the Ancients.
You worshipped Trog.
Trog was extremely pleased with you.
You visited 9 branches of the dungeon, and saw 44 of its levels.
You also visited: Gauntlet, Ice Cave, Volcano, Wizlab and Desolation.

You collected 10898 gold pieces.
You spent 6990 gold pieces at shops.

Inventory:

Hand Weapons
 a - the +12 Vampire's Tooth {vamp}
   (You found it on level 13 of the Dungeon)

   It inflicts no extra harm, but heals its wielder when it wounds a living foe.
 b - a +9 vorpal double sword (weapon)
 w - a +6 antimagic quick blade
 Z - the +5 long sword of Qimedgh {vorpal, +Blink Str-2 Dex+6 SInv}
   (Trog gifted it to you on level 2 of the Elven Halls)

   It inflicts extra damage upon your enemies.
   It affects your strength (-2).
   It affects your dexterity (+6).
   It lets you see invisible.
   It lets you blink.
Missiles
 l - 83 poisoned darts
 A - 24 curare-tipped darts
 L - 37 silver javelins (quivered)
Armour
 d - a +2 cloak of preservation (worn)
 i - the +2 helmet "Kiczudgh" (worn) {+Inv rF+ Str+3 Slay+3}
   (You found it in the Desolation of Salt)

   It affects your strength (+3).
   It affects your accuracy and damage with ranged weapons and melee attacks
   (+3).
   It protects you from fire.
   It lets you turn invisible.
 r - the +9 scales of the Dragon King (worn) {rPois rF+ rC+ MR+}
   (You bought it in a shop on level 2 of the Snake Pit)

   It protects you from fire.
   It protects you from cold.
   It protects you from poison.
   It affects your resistance to hostile enchantments.
 s - a +2 pair of boots of flying (worn)
 G - the +5 tower shield "Obioneix" (worn) {Str+7}
   (You acquired it on level 2 of the Shoals)

   It affects your strength (+7).
 S - a +2 pair of gloves of archery (worn)
Jewellery
 E - the ring of Xyal (left hand) {rN+ MR+ Str+4 Int-4 Slay+2}
   (You took it off an entropy weaver on level 5 of the Vaults)

   [ring of positive energy]

   It affects your strength (+4).
   It affects your intelligence (-4).
   It affects your accuracy and damage with ranged weapons and melee attacks
   (+2).
   It protects you from negative energy.
   It affects your resistance to hostile enchantments.
 I - an uncursed ring of protection from cold
 K - an amulet of the acrobat (around neck)
 T - the ring of Yesterday (right hand) {+Fly rElec rF- AC+4 Str-5}
   (You took it off a minotaur in a Gauntlet)

   [ring of protection]

   It affects your AC (+4).
   It affects your strength (-5).
   It makes you vulnerable to fire.
   It insulates you from electricity.
   It lets you fly.
 X - an uncursed ring of protection from fire
Wands
 f - a wand of flame (132)
 h - a wand of acid (24)
 o - a wand of disintegration (33)
 p - a wand of paralysis (56)
 D - a wand of iceblast (83)
 H - a wand of enslavement (47)
 N - a wand of polymorph (40)
 Y - a wand of digging (8)
Scrolls
 c - a scroll of enchant armour
 j - 5 scrolls of silence
 q - 2 scrolls of blinking
 u - 7 scrolls of fear
 x - 14 scrolls of identify
 z - 16 scrolls of teleportation
 C - 4 scrolls of fog
 J - a scroll of summoning
 Q - 10 scrolls of magic mapping
 R - 21 scrolls of remove curse
Potions
 e - 4 potions of haste
 k - 25 potions of curing
 n - 8 potions of heal wounds
 t - 6 potions of attraction
 v - 3 potions of cancellation
 B - 3 potions of resistance
 M - a potion of ambrosia
 P - 7 potions of might
Miscellaneous
 g - a tin of tremorstones (inert)
 F - a phial of floods
 O - a lightning rod (inert)
 W - a condenser vane (inert)


   Skills:
 - Level 15.4 Fighting
 - Level 17.2 Long Blades
 + Level 13.8 Throwing
 - Level 13.0 Armour
 - Level 10.9 Dodging
 - Level 25.0 Shields
 - Level 9.0 Evocations


You had 23 spell levels left.
You didn't know any spells.
Your spell library was empty.

Dungeon Overview and Level Annotations

Branches:
Dungeon (15/15)            Temple (0/1) D:6            Lair (6/6) D:11
 Shoals (4/4) Lair:3        Snake (4/4) Lair:2        Slime (0/5) Lair:6
    Orc (2/2) D:11            Elf (3/3) Orc:2        Vaults (5/5) D:14
  Crypt (3/3) Vaults:3       Tomb (2/3) Crypt:3      Depths (0/5) D:15
  IceCv (visited)         Volcano (visited)          WizLab (visited)
Desolation (visited)      Gauntlet (visited)

Altars:
Cheibriados
Dithmenos
Fedhas
Gozag
Kikubaaqudgha
Nemelex Xobeh
Trog
Vehumet
Xom
Zin
Beogh
Jiyva

Shops:
D:4 ?   D:5 (   D:6 *   D:8 [   D:9 !   D:11 [   Orc:2 !?([:   Elf:1 (
Elf:2 :   Elf:3 *   Snake:2 *[:=!   Snake:3 ?   Snake:4 [=[   Vaults:3 ?
Vaults:5 ?

Annotations:
Elf:2 2 runed translucent doors
Tomb:2 Frederick


Innate Abilities, Weirdness & Mutations

You do not regenerate when monsters are visible.
You are frail without blood (-20% HP).
You can heal yourself when you bite living creatures.
You are immune to poison.
You have razor-sharp teeth.
You have supernaturally acute eyesight. (SInv)
You can survive without breathing.


Message History

You feel a surge of unholy energy.
The storm dragon zombie is engulfed in freezing vapours.
The guardian mummy is engulfed in freezing vapours.
You block the guardian mummy's attack.
The vampire is engulfed in freezing vapours.
The ice dragon zombie is engulfed in freezing vapours.
The greater mummy is engulfed in freezing vapours.
The greater mummy gestures at you while chanting.
Something smites you!
* * * LOW HITPOINT WARNING * * *
The phantasmal warrior is engulfed in freezing vapours.
You destroy the phantasmal warrior!
The golden dragon zombie is engulfed in freezing vapours.
The guardian mummy is engulfed in freezing vapours.
The greater mummy is engulfed in freezing vapours.
The mana viper is engulfed in freezing vapours.
A death scarab comes into view.
The ettin skeleton is engulfed in freezing vapours.
The ettin skeleton hits you.
You die...

## . .## ##........ .. ...
### ..§....... ...
..##.##...§$.....
....##..WB.##§§....).
...#§§Bn§§...#.....
..#§§§MM§W....#..).
#.§§§§@S○§....#
.....#§§§ZzZzV§....#
.....#§§§8@ZV§§§☼..#.......#
......#§§Z8MM§§§§.#........#
......§#§§§Z§8§§○#B........'
.......M##§§..M##M§..M.....#
......§§M☼##.##○..§....^...#
......§BM§.###(§§.....M....#
.......M###...###..........#


You could see 3 greater mummies, Frederick, a spellforged servitor (summoned), a
mummy priest, a skeletal warrior, a jiangshi (summoned), a phantasmal warrior
(summoned), a mana viper (summoned, slow), 2 guardian mummies, 2 ushabtiu, a
vampire (summoned), 3 death scarabs, a necrophage (summoned), a shadow
(summoned), a flying skull (summoned), a mummy, an ice dragon zombie, a storm
dragon zombie (summoned), a golden dragon zombie (summoned), a stone giant
zombie (summoned) and an ettin skeleton.

Vanquished Creatures
  4 ancient liches
  Mara (Crypt:2)
  Mennas (Crypt:3)
  2 greater mummies (Tomb:1)
  A lich (Crypt:3)
  2 tentacled monstrosities (Vaults:5)
  An Ice Fiend (IceCv)
  A shard shrike skeleton (Crypt:2)
  The ghost of xzight the Executioner, an adept MiBe of Trog (Shoals:2)
  Rupert (Lair:5)
  7 titans
  A deep elf blademaster (Elf:3)
  A quicksilver dragon (Vaults:5)
  A deep elf master archer (Elf:3)
  An eldritch tentacle (WizLab)
  2 tentacled starspawn (WizLab)
  6 sphinxes
  An ancient champion (Crypt:2)
  3 tengu reavers (Vaults:5)
  3 revenants
  Kirke (Snake:1)
  3 shadow dragons (Vaults:5)
  4 storm dragons (Vaults:5)
  6 fire giants
  15 vault wardens
  15 nagarajas
  The ghost of Glennnyy the Warrior, an adept GrFi of Fedhas (Shoals:2)
  A ghost moth (shapeshifter) (Vaults:5)
  A caustic shrike zombie (Crypt:2)
  4 frost giants
  6 deep elf sorcerers
  6 ghouls
  4 imperial myrmidons (Desolation)
  8 curse skulls
  A draconian shifter (WizLab)
  3 deep elf elementalists
  13 ironheart preservers
  4 very ugly things (Vaults:5)
  11 stone giants
  4 war gargoyles
  2 reapers
  A caustic shrike skeleton (Crypt:1)
  7 entropy weavers
  7 vampire knights
  2 bennus (Tomb:1)
  Azrael (D:13)
  7 deep elf demonologists
  A white draconian (WizLab)
  A dire elephant (Lair:6)
  7 deep elf annihilators
  A red draconian (Volcano)
  A minotaur (Gauntlet)
  6 deep elf death magi
  7 ettins
  16 mummy priests
  2 crystal guardians
  2 eidola
  2 merfolk javelineers
  6 jiangshi
  9 deep elf high priests
  4 fire dragons
  6 merfolk impalers
  4 ragged hierophants (Desolation)
  11 naga warriors
  12 yaktaur captains
  6 hydras
  Harold (D:11)
  2 quicksilver dragon skeletons (Crypt:3)
  Fannar (Lair:2)
  2 ice dragons (Vaults:4)
  8 servants of whispers (Desolation)
  33 vault guards
  7 boulder beetles
  A merfolk avatar (Shoals:4)
  5 rakshasas
  A great orb of eyes (Vaults:3)
  5 centaur warriors
  8 peacekeepers (Desolation)
  15 anacondas
  A catoblepas (Lair:6)
  4 merfolk aquamancers
  6 death knights
  2 tengu warriors (D:15)
  2 alligator snapping turtles (Shoals:4)
  30 dancing weapons
  28 two-headed ogres
  29 death scarabs
  9 ogre magi
  2 satyrs (Shoals:4)
  A titan zombie (Crypt:2)
  2 death yaks (Lair:6)
  4 deep troll shamans
  2 orc high priests
  3 vampire magi
  A queen ant (Lair:6)
  A hell hog (Gauntlet)
  A thrashing horror (WizLab)
  Urug (D:10)
  10 naga sharpshooters
  A sun demon (WizLab)
  9 shock serpents
  2 soul eaters (Crypt:1)
  10 deep elf knights
  4 shadow wraiths
  A titan skeleton (Tomb:1)
  A salamander mystic (Snake:2)
  7 skeletal warriors
  A sixfirhy (WizLab)
  A storm dragon skeleton (Vaults:4)
  9 sea snakes
  An obsidian statue (WizLab)
  A golden dragon zombie (Crypt:2)
  A tengu zombie (Vaults:4)
  6 naga ritualists
  3 glowing orange brains
  11 deep trolls
  5 bog bodies
  9 flayed ghosts
  A golden dragon skeleton (Crypt:2)
  2 unseen horrors
  4 orange crystal statues (Orc:1)
  4 wizards
  14 deep elf archers
  5 necromancers
  Pikel (D:6)
  26 harpies
  A tengu skeleton (Vaults:4)
  14 orc knights
  21 phantasmal warriors
  18 ironbrand convokers
  6 mana vipers
  2 iron dragon zombies
  5 orc sorcerers
  8 manticores
  2 fauns (shapeshifter)
  4 wolf spiders
  A stone giant zombie (Vaults:5)
  20 ugly things
  10 salamanders
  54 deep elf magi
  A shining eye (shapeshifter) (Elf:3)
  6 cyclopes
  4 fauns
  35 black mambas
  3 worldbinders (WizLab)
  7 fire giant skeletons (Crypt:3)
  A guardian serpent (shapeshifter) (Vaults:4)
  An ice statue (IceCv)
  12 elephants (Lair:6)
  A dire elephant zombie (Crypt:2)
  2 torpor snails
  5 gargoyles
  7 merfolk sirens
  21 guardian serpents
  15 vault sentinels
  A black mamba (shapeshifter) (Vaults:4)
  21 naga magi
  4 water nymphs
  3 centaur skeletons
  An orange demon (WizLab)
  Maggie (Lair:1)
  An alligator snapping turtle zombie (Crypt:1)
  10 cane toads
  A kobold demonologist (D:12)
  A yaktaur zombie (Vaults:1)
  A yellow draconian zombie (Crypt:2)
  17 freezing wraiths
  A rime drake (Lair:1)
  A golden dragon simulacrum (IceCv)
  24 yaktaurs
  A redback zombie (D:15)
  5 komodo dragons
  A demonic crawler (WizLab)
  4 anaconda simulacra (IceCv)
  An efreet (D:14)
  A red devil (WizLab)
  5 ice devils
  A catoblepas skeleton (Crypt:3)
  A hydra zombie (Crypt:2)
  17 guardian mummies
  3 trolls
  A polar bear (Lair:2)
  A tengu simulacrum (Vaults:1)
  A yaktaur skeleton (Vaults:4)
  2 jumping spiders
  14 merfolk
  A troll (shapeshifter) (Vaults:1)
  2 tyrant leeches (D:13)
  58 saltlings (Desolation)
  A hornet (shapeshifter) (Vaults:4)
  A wolf spider simulacrum (IceCv)
  7 wind drakes
  3 hornets
  6 slime creatures
  28 blink frogs
  A boulder beetle zombie (Vaults:1)
  An alligator zombie (Tomb:2)
  20 flying skulls
  A stone giant simulacrum (Vaults:1)
  6 dream sheep (Lair:5)
  9 fire dragon skeletons (Crypt:3)
  9 snapping turtles
  15 wraiths
  A spriggan (Lair:2)
  An ettin skeleton (Vaults:5)
  9 redbacks
  A spriggan (shapeshifter) (Vaults:2)
  Sigmund (D:6)
  8 air elementals
  A tarantella (Vaults:5)
  6 shadows
  A wyvern (shapeshifter) (Vaults:2)
  A ynoxinul (WizLab)
  An ice dragon skeleton (WizLab)
  4 wyverns
  9 vampires
  2 ushabtiu (Tomb:1)
  10 water elementals
  4 hogs
  3 dire elephant simulacra (IceCv)
  10 humans
  2 basilisks
  5 fire bats
  A human (shapeshifter) (Vaults:3)
  Grum (Lair:1)
  50 yaks
  6 fire elementals
  5 vampire mosquitoes
  A steam dragon (D:11)
  An insubstantial wisp (WizLab)
  6 wargs
  Menkaure (D:7)
  4 spatial vortices (WizLab)
  A monstrous demonspawn zombie (Crypt:1)
  A faun zombie (Crypt:2)
  2 harpy simulacra (IceCv)
  41 nagas
  14 water moccasins
  3 acid dragons
  An elf skeleton (Vaults:1)
  Edmund (D:6)
  19 soldier ants (Lair:6)
  5 hydra simulacra (IceCv)
  Duvessa (D:6)
  4 hell hounds
  A cane toad zombie (Crypt:1)
  A gelid demonspawn skeleton (Crypt:1)
  2 snapping turtle zombies
  An elf zombie (Vaults:4)
  42 orc warriors
  An alligator simulacrum (IceCv)
  3 sky beasts
  5 black bears
  A lindwurm zombie (Crypt:1)
  2 ice beasts
  9 necrophages
  7 boggarts
  4 phantoms
  41 ogres
  A snapping turtle skeleton (Crypt:3)
  18 wolves
  A blink frog skeleton (Crypt:2)
  31 centaurs
  A swamp dragon skeleton (Crypt:2)
  6 big kobolds
  17 bullfrogs
  2 earth elementals
  A water moccasin zombie (D:10)
  7 scorpions
  Dowan (D:6)
  2 wyvern skeletons (D:9)
  An elf simulacrum (Vaults:2)
  11 killer bees
  10 wights
  9 howler monkeys
  4 centaur zombies
  A bullfrog zombie (D:9)
  2 quasits (D:10)
  6 hounds
  22 orc priests
  3 jellies
  14 orc wizards
  3 human skeletons
  5 iguanas
  2 troll simulacra (IceCv)
  A spriggan simulacrum (IceCv)
  21 worker ants
  3 small abominations
  A wolf simulacrum (IceCv)
  A killer bee zombie (D:6)
  A naga zombie (Crypt:3)
  A centaur simulacrum (IceCv)
  2 hound zombies (D:9)
  A hound skeleton (D:5)
  14 mummies
  A worker ant zombie (D:6)
  A howler monkey skeleton (D:9)
  7 gnolls
  11 adders
  3 naga simulacra (IceCv)
  4 ogre simulacra (IceCv)
  A shadow imp (D:8)
  11 white imps
  10 ufetubi
  An adder zombie (D:6)
  4 adder skeletons
  2 worms
  3 dart slugs
  4 leopard geckos
  68 orcs
  6 ball pythons
  3 bats
  4 giant cockroaches
  8 goblins
  4 hobgoblins
  17 jackals
  36 kobolds
  4 quokkas
  A river rat zombie (Crypt:1)
  2 frilled lizards
  A kobold zombie (Crypt:1)
  A leopard gecko skeleton (Crypt:2)
  A quokka skeleton (D:4)
  A quokka zombie (D:6)
  6 rats
  3 crawling corpses
  A pillar of salt (Elf:2)
2080 creatures vanquished.

Vanquished Creatures (collateral kills)
  A vault warden (Vaults:5)
  An entropy weaver (Lair:6)
  A ragged hierophant (Desolation)
  3 jiangshi (Crypt:2)
  A naga warrior (Snake:2)
  A vault guard (Vaults:5)
  3 two-headed ogres (Volcano)
  A death scarab (Tomb:1)
  A dancing weapon (Elf:2)
  A death yak (Lair:6)
  A naga sharpshooter (Snake:2)
  Sonja (Lair:1)
  4 skeletal warriors (Crypt:1)
  A salamander mystic (Snake:2)
  A bog body (Crypt:1)
  A deep elf mage (Elf:2)
  A naga mage (Snake:2)
  A guardian mummy (Tomb:2)
  6 saltlings (Desolation)
  5 flying skulls (Crypt:1)
  2 wraiths
  3 yaks (D:9)
  2 wargs
  4 nagas (Snake:2)
  7 soldier ants (Lair:6)
  8 orc warriors
  An ogre (Orc:2)
  2 centaurs (D:11)
  An orc priest (Orc:1)
  3 orc wizards
  A worker ant (Lair:6)
  A deep dwarf skeleton (Crypt:1)
  8 orcs
79 creatures vanquished.

Vanquished Creatures (others)
  A deep elf sorcerer (Elf:3)
  A deep elf demonologist (Elf:3)
  A deep elf annihilator (Elf:3)
  A blizzard demon (Gauntlet)
  A water elemental (Elf:3)
  A vampire (D:13)
  A human (Snake:1)
  A naga (Snake:4)
  A white imp (IceCv)
  3 ufetubi (IceCv)
  A bush (Lair:6)
  59 fungi
  A lurking horror (WizLab)
  104 plants
  4 starspawn tentacles (WizLab)
  13 withered plants
194 creatures vanquished.

Grand Total: 2353 creatures vanquished

Notes
Turn   | Place    | Note
-------+----------+-------------------------------------------
     0 | D:1      | jejorda2 the Vampire Berserker began the quest for the Orb.
     0 | D:1      | Reached XP level 1. HP: 17/17 MP: 1/1
   112 | D:1      | Reached XP level 2. HP: 23/23 MP: 2/2
   976 | D:2      | Reached XP level 3. HP: 19/29 MP: 3/3
  1027 | D:2      | Reached ** piety under Trog
  1173 | D:2      | Reached XP level 4. HP: 21/35 MP: 4/4
  1969 | D:3      | Reached XP level 5. HP: 41/41 MP: 5/5
  2151 | D:3      | Noticed an ogre
  2160 | D:3      | Killed an ogre
  2161 | D:3      | Reached skill level 5 in Long Blades
  2648 | D:4      | Reached XP level 6. HP: 48/48 MP: 6/6
  2657 | D:4      | Reached *** piety under Trog
  2793 | D:4      | Found Osoibouw's Magic Scroll Emporium.
  2797 | D:4      | Bought a scroll of teleportation for 42 gold pieces
  2845 | D:4      | Found a glowing silver altar of Zin.
  3152 | D:4      | Found an opulent altar of Gozag.
  3492 | D:5      | Entered Level 5 of the Dungeon
  3578 | D:5      | Found a sparkling altar of Nemelex Xobeh.
  3580 | D:5      | Found a blossoming altar of Fedhas.
  3684 | D:5      | Found a snail-covered altar of Cheibriados.
  3707 | D:5      | Reached XP level 7. HP: 54/54 MP: 7/7
  3772 | D:5      | Found Zerchigo's Weapon Emporium.
  4142 | D:6      | Noticed Sigmund
  4154 | D:6      | Killed Sigmund
  4296 | D:6      | Found a staircase to the Ecumenical Temple.
  4307 | D:6      | Reached skill level 5 in Fighting
  4307 | D:6      | Reached XP level 8. HP: 46/62 MP: 8/8
  4533 | D:6      | Found Fuzeogge's Assorted Antiques.
  4534 | D:6      | Noticed Pikel
  4547 | D:6      | Killed Pikel
  4548 | D:6      | Reached skill level 5 in Armour
  4559 | D:6      | Reached XP level 9. HP: 69/69 MP: 9/9
  4580 | D:6      | Bought a pair of boots for 126 gold pieces
  4800 | D:6      | Noticed Duvessa
  4800 | D:6      | Noticed Dowan
  4806 | D:6      | Reached **** piety under Trog
  4830 | D:6      | Killed Duvessa
  4843 | D:6      | Killed Dowan
  5046 | D:6      | Noticed Edmund
  5063 | D:6      | Killed Edmund
  5345 | D:7      | Noticed Menkaure
  5351 | D:7      | Killed Menkaure
  5352 | D:7      | Reached skill level 10 in Long Blades
  5536 | D:7      | Identified the cursed +0 leather armour of Daisies {rN+
                  | rCorr}
  5934 | D:7      | Reached skill level 1 in Evocations
  6247 | D:8      | Noticed a two-headed ogre
  6260 | D:8      | Killed a two-headed ogre
  6261 | D:8      | Reached XP level 10. HP: 72/79 MP: 10/10
  6382 | D:8      | Found Wenuryng's Antique Armour Shop.
  6387 | D:8      | Bought a glowing helmet for 172 gold pieces
  6675 | D:8      | Reached ***** piety under Trog
  6771 | D:8      | Found a blossoming altar of Fedhas.
  6819 | D:8      | Noticed a two-headed ogre
  6837 | D:8      | Killed a two-headed ogre
  6987 | D:8      | Found a shimmering altar of Xom.
  7372 | D:9      | Received a gift from Trog
  7547 | D:9      | Found a radiant altar of Vehumet.
  7710 | D:9      | Found Jyzest's Distillery.
  7724 | D:9      | Bought a potion of degeneration for 12 gold pieces
  7985 | D:9      | Reached XP level 11. HP: 84/84 MP: 3/11
  8105 | D:9      | Noticed a two-headed ogre
  8111 | D:9      | Killed a two-headed ogre
  8252 | D:9      | Found a bloodstained altar of Trog.
  8350 | D:9      | Got a pair of faintly humming gloves
  8360 | D:9      | Identified the +1 pair of gloves of Sofan {rPois} (You
                  | found it on level 9 of the Dungeon)
  8448 | D:10     | Entered Level 10 of the Dungeon
  8737 | D:10     | Noticed Urug
  8742 | D:10     | HP: 3/84 [Urug/+4 great sword of holy wrath (34)]
  8750 | D:10     | Killed Urug
  8974 | D:10     | Noticed a two-headed ogre
  8979 | D:10     | Killed a two-headed ogre
  9187 | D:4      | Bought a scroll of remove curse for 42 gold pieces
  9640 | D:10     | Reached skill level 15 in Long Blades
  9671 | D:11     | Found a staircase to the Orcish Mines.
  9902 | D:11     | Noticed a boulder beetle
  9910 | D:11     | Killed a boulder beetle
 10099 | D:11     | Noticed Harold
 10107 | D:11     | Killed Harold
 10166 | D:11     | Found a staircase to the Lair.
 10503 | D:11     | Found Dioseser's Armour Emporium.
 10688 | D:11     | Reached XP level 12. HP: 78/91 MP: 4/12
 11291 | Orc:1    | Entered Level 1 of the Orcish Mines
 11337 | Orc:1    | Found the +10 tower shield of Ignorance {rN+ Int-4}
 11342 | Orc:1    | Found a runed translucent door.
 11456 | Orc:1    | Found a radiant altar of Vehumet.
 11461 | Orc:1    | Found a runed translucent door.
 11471 | Orc:1    | Noticed an ettin
 11480 | Orc:1    | Killed an ettin
 11554 | Orc:1    | Found a dark tunnel.
 11572 | Volcano  | Entered a volcano
 11588 | Volcano  | Noticed an ogre mage
 11680 | Volcano  | Killed an ogre mage
 11680 | Volcano  | Noticed a two-headed ogre
 11680 | Volcano  | Noticed a two-headed ogre
 11682 | Volcano  | Noticed a two-headed ogre
 11686 | Volcano  | Noticed a two-headed ogre
 11696 | Volcano  | Killed a two-headed ogre
 11697 | Volcano  | Killed a two-headed ogre
 11699 | Volcano  | Killed a two-headed ogre
 11702 | Volcano  | Killed a two-headed ogre
 11799 | Volcano  | Noticed a red draconian
 11800 | Volcano  | Noticed a two-headed ogre
 11801 | Volcano  | Noticed a two-headed ogre
 11804 | Volcano  | Found a radiant altar of Vehumet.
 11814 | Volcano  | Killed a two-headed ogre
 11817 | Volcano  | Killed a red draconian
 11826 | Volcano  | Killed a two-headed ogre
 12136 | D:8      | Bought a fine plate armour for 644 gold pieces
 12204 | Lair:1   | Entered Level 1 of the Lair of Beasts
 12659 | Lair:1   | Noticed a seven-headed hydra
 12669 | Lair:1   | Killed a five-headed hydra
 12674 | Lair:1   | Noticed Grum
 12853 | Lair:1   | Killed Grum
 13122 | Lair:1   | Reached skill level 1 in Shields
 13192 | Lair:1   | Identified the +3 plate armour of Pessimism {MR+ rCorr MP+9
                  | Str+4} (You bought it in a shop on level 8 of the Dungeon)
 13266 | Lair:1   | Reached skill level 2 in Shields
 13281 | Lair:1   | Reached XP level 13. HP: 89/96 MP: 13/13
 13400 | Lair:1   | Noticed Maggie
 13417 | Lair:1   | Killed Maggie
 13544 | Lair:1   | Reached skill level 3 in Shields
 13577 | Lair:1   | Reached skill level 4 in Shields
 13662 | Lair:1   | Noticed Sonja
 13667 | Lair:1   | Killed Sonja
 14118 | Lair:2   | Reached skill level 5 in Shields
 14346 | Lair:2   | Found a staircase to the Snake Pit.
 14626 | Lair:2   | Noticed Fannar
 14643 | Lair:2   | Killed Fannar
 14644 | Lair:2   | Reached skill level 6 in Shields
 15051 | Lair:3   | Found a staircase to the Shoals.
 15241 | Lair:3   | You fall into a shaft and drop 2 floors!
 15341 | Lair:5   | Found a gate leading to a gauntlet.
 15356 | Gauntlet | Entered a Gauntlet
 15356 | Gauntlet | Found a transporter.
 15356 | Gauntlet | Found a transporter.
 15356 | Gauntlet | Found a transporter.
 15356 | Gauntlet | Noticed a blizzard demon
 15376 | Gauntlet | Found a transporter.
 15388 | Gauntlet | Found a transporter.
 15407 | Gauntlet | Found a transporter.
 15413 | Gauntlet | Found a transporter.
 15421 | Gauntlet | Found a transporter.
 15439 | Gauntlet | Found a transporter.
 15447 | Gauntlet | Found a transporter.
 15465 | Gauntlet | Found a transporter.
 15488 | Gauntlet | Found a transporter.
 15549 | Gauntlet | Killed a blizzard demon
 15773 | Gauntlet | Identified the ring of Yesterday {+Fly rElec rF- AC+4
                  | Str-5}
 15773 | Gauntlet | Noticed a minotaur
 15785 | Gauntlet | Killed a minotaur
 15786 | Gauntlet | Reached skill level 7 in Shields
 15804 | Gauntlet | Identified the Collected Works on Transformation and the
                  | Volcanoes
 15805 | Gauntlet | Got a masterwork scale mail
 15811 | Gauntlet | Identified the +1 scale mail "Guhium" {*Contam Harm Str+5
                  | Slay+5} (You found it in a Gauntlet)
 15894 | Lair:5   | Noticed Rupert
 16417 | Lair:4   | Reached skill level 8 in Shields
 16509 | Lair:4   | Reached skill level 5 in Evocations
 17418 | Lair:4   | Reached skill level 9 in Shields
 18007 | Lair:3   | Found a transporter.
 18014 | Lair:3   | Found a transporter.
 18048 | Lair:3   | Reached XP level 14. HP: 102/103 MP: 14/14
 18506 | Lair:5   | Killed Rupert
 18680 | Lair:5   | Reached skill level 10 in Shields
 19014 | Lair:6   | Entered Level 6 of the Lair of Beasts
 20137 | Lair:6   | Reached skill level 11 in Shields
 20196 | Lair:6   | Noticed an entropy weaver
 20197 | Lair:6   | Noticed an entropy weaver
 20245 | Lair:6   | Killed an entropy weaver
 20409 | Lair:6   | Killed an entropy weaver
 20617 | Lair:6   | Reached skill level 5 in Dodging
 20877 | Lair:6   | Reached skill level 12 in Shields
 21170 | Lair:6   | Found a staircase to the Slime Pits.
 21171 | Lair:6   | Found a viscous altar of Jiyva.
 22086 | Orc:2    | Entered Level 2 of the Orcish Mines
 22237 | Orc:1    | Received a gift from Trog
 22760 | Orc:2    | Found a staircase to the Elven Halls.
 23069 | Orc:2    | Reached XP level 15. HP: 109/109 MP: 15/15
 23140 | Orc:2    | Reached skill level 13 in Shields
 23182 | Orc:2    | Found Visemag's Distillery.
 23479 | Orc:2    | Found Otzarph's Weapon Emporium.
 23479 | Orc:2    | Found Xaecam's Armour Shop.
 23481 | Orc:2    | Found Asti Beng's Book Boutique.
 23483 | Orc:2    | Found Vifo's Magic Scroll Shoppe.
 23596 | Orc:2    | Found a roughly hewn altar of Beogh.
 24362 | D:12     | Found a shimmering altar of Xom.
 24967 | D:13     | Noticed Azrael
 24986 | D:13     | Killed Azrael
 25421 | D:13     | Found the +12 Vampire's Tooth {vamp}
 25932 | Snake:1  | Entered Level 1 of the Snake Pit
 26037 | Snake:1  | Reached skill level 14 in Shields
 26244 | D:6      | Bought a glowing scarf for 224 gold pieces
 26679 | Snake:1  | Noticed Kirke
 26706 | Snake:1  | Killed Kirke
 27423 | Snake:2  | Found Viset's Assorted Antiques.
 27455 | Snake:2  | Bought a twisted bronze ring for 145 gold pieces
 27510 | Snake:2  | Found Wahun's Book Shoppe.
 27520 | Snake:2  | Found Sotyh's Jewellery Shop.
 27553 | Snake:2  | Found Moavadakh's Antique Armour Emporium.
 27802 | Snake:2  | Reached skill level 15 in Shields
 27900 | Snake:2  | Reached XP level 16. HP: 122/122 MP: 16/16
 28055 | Snake:2  | Reached skill level 10 in Fighting
 28102 | Snake:2  | Found Tisot's Distillery.
 29097 | Snake:3  | Found Racriyna's Magic Scroll Shoppe.
 29848 | Snake:4  | Entered Level 4 of the Snake Pit
 30058 | Snake:4  | Reached ****** piety under Trog
 30109 | Snake:4  | Found Dirirosm's Antique Armour Shop.
 30111 | Snake:4  | Found Tomux's Jewellery Boutique.
 30113 | Snake:4  | Found Icwestre's Antique Armour Shop.
 30121 | Snake:4  | Bought a pair of glowing boots for 240 gold pieces
 30550 | Snake:4  | Received a gift from Trog
 30631 | Snake:4  | Reached skill level 16 in Shields
 31195 | Snake:4  | Reached XP level 17. HP: 130/130 MP: 17/17
 32339 | Snake:4  | Got a serpentine rune of Zot
 32497 | Shoals:1 | Entered Level 1 of the Shoals
 32814 | Shoals:1 | Received a gift from Trog
 33188 | Shoals:2 | Found a runed translucent gate.
 33188 | Shoals:2 | Found a runed translucent gate.
 33188 | Shoals:2 | Found a runed translucent gate.
 33258 | Shoals:2 | Reached skill level 10 in Armour
 33316 | Shoals:2 | Noticed xzight's ghost (adept MiBe)
 33316 | Shoals:2 | Noticed Glennnyy's ghost (adept GrFi)
 33715 | Shoals:2 | Reached skill level 17 in Shields
 33838 | Shoals:2 | Found the ring of Robustness {AC+8}
 33857 | Shoals:2 | Killed Glennnyy's ghost
 33904 | Shoals:2 | Killed xzight's ghost
 33923 | Shoals:2 | Identified a scroll of acquirement
 34267 | Shoals:3 | Noticed a titan
 34321 | Shoals:3 | Killed a titan
 34822 | Shoals:4 | Entered Level 4 of the Shoals
 34911 | Shoals:4 | Found a frozen archway.
 34968 | IceCv    | Entered an ice cave
 35008 | IceCv    | Received a gift from Trog
 35009 | IceCv    | Got an iridescent quarterstaff {god gift}
 35384 | IceCv    | Got a faintly humming scale mail
 36227 | IceCv    | Noticed an Ice Fiend
 36279 | IceCv    | Killed an Ice Fiend
 36291 | IceCv    | Reached XP level 18. HP: 90/140 MP: 18/18
 36532 | Shoals:4 | Found the +5 robe of Night {Dark MR+ SInv}
 36640 | Shoals:4 | Received a gift from Trog
 36683 | Shoals:4 | Got a barnacled rune of Zot
 37932 | D:14     | Reached skill level 18 in Shields
 38139 | D:14     | Found a gate to the Vaults.
 38382 | D:15     | Entered Level 15 of the Dungeon
 38407 | D:15     | Found a shimmering altar of Xom.
 38549 | D:15     | Found a shadowy altar of Dithmenos.
 38673 | D:15     | Found a staircase to the Depths.
 38833 | D:15     | Received a gift from Trog
 39327 | Vaults:1 | Entered Level 1 of the Vaults
 40544 | Vaults:1 | Reached XP level 19. HP: 142/149 MP: 19/19
 40591 | Vaults:1 | Reached skill level 19 in Shields
 40664 | Vaults:1 | Received a gift from Trog
 42156 | Vaults:2 | Received a gift from Trog
 42343 | Vaults:2 | Reached skill level 20 in Shields
 43058 | Vaults:2 | Upgraded the game from 0.26-a0-846-gcc8f1ee719 to
                  | 0.26-a0-850-g97a50ab700
 43321 | Vaults:3 | Received a gift from Trog
 43799 | Vaults:3 | Found Idghaali's Magic Scroll Emporium.
 43829 | Vaults:3 | Found a staircase to the Crypt.
 44007 | Vaults:3 | Reached XP level 20. HP: 157/157 MP: 20/20
 44068 | Vaults:3 | Reached skill level 21 in Shields
 45192 | Vaults:4 | Received a gift from Trog
 46231 | Vaults:4 | Reached skill level 22 in Shields
 46533 | Vaults:4 | Received a gift from Trog
 47032 | Crypt:1  | Entered Level 1 of the Crypt
 47980 | Crypt:1  | Reached XP level 21. HP: 42/130 MP: 21/21
 48498 | Crypt:1  | Received a gift from Trog
 48677 | Crypt:1  | Reached skill level 23 in Shields
 48879 | Crypt:1  | Found the +3 giant club "Skullcrusher" {speed, Str+7}
 49004 | Crypt:2  | Noticed Mara
 49010 | Crypt:2  | Noticed jejorda2's illusion
 49047 | Crypt:2  | Noticed jejorda2's illusion
 49073 | Crypt:2  | Killed Mara
 49089 | Crypt:2  | Found a magical portal.
 49104 | WizLab   | Entered The Roulette of Golubria
 49104 | WizLab   | Found a transporter.
 49156 | WizLab   | Found a corrupted altar of Lugonu.
 49191 | WizLab   | Found a transporter.
 49212 | WizLab   | Found a transporter.
 49212 | WizLab   | Found a transporter.
 49380 | WizLab   | Found a transporter.
 49384 | WizLab   | Found a transporter.
 49530 | WizLab   | Found a transporter.
 49581 | WizLab   | Found a transporter.
 49634 | WizLab   | Found a corrupted altar of Lugonu.
 49642 | WizLab   | Found a transporter.
 49665 | WizLab   | Found a transporter.
 49706 | WizLab   | Found a transporter.
 49745 | WizLab   | Found a transporter.
 49861 | WizLab   | Found a transporter.
 49911 | WizLab   | Found a transporter.
 49911 | WizLab   | Found a transporter.
 50027 | WizLab   | Found a transporter.
 50027 | WizLab   | Found a transporter.
 50085 | WizLab   | Found a transporter.
 50146 | WizLab   | Got a transparent cloak
 50155 | WizLab   | Identified Golubria's Catalogue of Dislocation
 50169 | WizLab   | Identified the cursed +0 cloak of Papo {Str+6 Slay-5} (You
                  | found it in a wizard's laboratory)
 50173 | WizLab   | Got a heavily runed cloak
 50174 | WizLab   | Identified the +0 cloak of the Monkey {Harm rCorr} (You
                  | found it in a wizard's laboratory)
 50413 | WizLab   | Found a transporter.
 50413 | WizLab   | Found a transporter.
 50732 | Crypt:2  | Received a gift from Trog
 50752 | Crypt:2  | Acquired the +5 tower shield "Obioneix" {Str+7}
 50804 | Vaults:3 | Acquired the ring "Ulaa" {+Blink MP+9}
 50805 | Vaults:3 | Acquired 1034 gold pieces
 51170 | Shoals:2 | Acquired 973 gold pieces
 51295 | Snake:2  | Bought the +9 scales of the Dragon King {rPois rF+ rC+ MR+}
                  | for 4368 gold pieces
 51295 | Snake:2  | Found the +9 scales of the Dragon King {rPois rF+ rC+ MR+}
 52193 | Snake:4  | Bought a pair of runed gloves for 240 gold pieces
 52193 | Snake:4  | Bought a pair of embroidered gloves for 240 gold pieces
 52838 | Crypt:2  | Identified the +1 plate armour of Vuilinur {rPois Int-5
                  | Slay+4 SInv} (You found it on level 2 of the Crypt)
 53564 | Crypt:2  | Reached skill level 24 in Shields
 53801 | Crypt:3  | Entered Level 3 of the Crypt
 54574 | Crypt:3  | Received a gift from Trog
 54770 | Crypt:3  | Noticed Mennas
 54847 | Crypt:3  | Killed Mennas
 54974 | Crypt:3  | Found an ancient bone altar of Kikubaaqudgha.
 54976 | Crypt:3  | Noticed an ancient lich
 54981 | Crypt:3  | Paralysed by an ancient lich for 2 turns
 55010 | Crypt:3  | Killed an ancient lich
 55026 | Crypt:3  | Noticed an ancient lich
 55075 | Crypt:3  | Killed an ancient lich
 55127 | Crypt:3  | Got a glittering bone ring
 55128 | Crypt:3  | Identified the ring of Cujober {rPois rF+} (You found it on
                  | level 3 of the Crypt)
 55138 | Crypt:3  | Noticed an ancient lich
 55170 | Crypt:3  | Killed an ancient lich
 55171 | Crypt:3  | Reached XP level 22. HP: 170/170 MP: 22/22
 55478 | Crypt:3  | Identified the Incunabulum of Dark Rituals
 55804 | Crypt:3  | Reached skill level 25 in Shields
 55826 | Crypt:3  | Received a gift from Trog
 55960 | Crypt:3  | Found a staircase to the Tomb.
 56170 | Crypt:3  | Identified the Papyrus of Ignition and Shape Shifting
 56908 | Snake:4  | Bought a glowing helmet for 180 gold pieces
 57221 | Orc:2    | Bought a scroll of enchant weapon for 105 gold pieces
 57256 | Elf:1    | Entered Level 1 of the Elven Halls
 57361 | Elf:1    | Found Reni's Antique Weapon Shop.
 58484 | Elf:2    | Found Totaocw's Book Emporium.
 58488 | Elf:2    | Received a gift from Trog
 58489 | Elf:2    | Got an ichor-stained long sword {god gift}
 58522 | Elf:2    | Identified the +5 long sword of Qimedgh {vorpal, +Blink
                  | Str-2 Dex+6 SInv} (Trog gifted it to you on level 2 of the
                  | Elven Halls)
 58531 | Elf:2    | Found a ruined gateway.
 58552 | Desolati | Entered the Desolation of Salt
 58903 | Desolati | Got an ichor-stained helmet
 58913 | Desolati | Identified the +2 helmet "Kiczudgh" {+Inv rF+ Str+3 Slay+3}
                  | (You found it in the Desolation of Salt)
 58916 | Desolati | Identified the +2 pearl dragon scales "Kyonk" {rElec rN+
                  | Str+4 SInv Stlth+} (You found it in the Desolation of Salt)
 59564 | Desolati | Received a gift from Trog
 59600 | Desolati | Found the +8 trident of the Octopus King {venom, rElec
                  | rPois MR+}
 59614 | Desolati | Got a fine ivory ring
 59615 | Desolati | Identified the ring "Duresui" {Wiz rPois MR+} (You found it
                  | in the Desolation of Salt)
 59623 | Desolati | Identified Etamurev's Reference Book on the Mountains
 60045 | Elf:2    | Found a large runed translucent door.
 60045 | Elf:2    | Found a large runed translucent door.
 60077 | Elf:2    | Found a large runed translucent door.
 60077 | Elf:2    | Found a large runed translucent door.
 60281 | Elf:2    | Found the ring of the Octopus King
 60307 | Elf:2    | Got a ring of the Octopus King
 60309 | Elf:2    | Identified a ring of the Octopus King {rCorr AC+1 EV+1
                  | Str+1 Int+1 Dex+1} (You found it on level 2 of the Elven
                  | Halls)
 60927 | Elf:2    | Reached XP level 23. HP: 180/180 MP: 23/23
 60952 | Elf:2    | Received a gift from Trog
 61072 | Elf:3    | Entered Level 3 of the Elven Halls
 61562 | Elf:3    | Found Agoh's General Store.
 61658 | Elf:3    | Reached skill level 15 in Fighting
 61687 | Elf:3    | Reached skill level 10 in Dodging
 61706 | Elf:3    | Identified the ring of Cheibriados's Regard {rC+ SInv}
 62189 | Elf:3    | Identified the +5 hand axe of the Slashing Hawk {elec, rN+
                  | MR+ SInv}
 62340 | Elf:3    | Identified the cursed +0 war axe "Daegrot" {venom, rN+}
 62453 | Elf:3    | Got a brightly glowing sapphire amulet
 62454 | Elf:3    | Identified the amulet "Qoossisk" {Inacc rPois rC+} (You
                  | found it on level 3 of the Elven Halls)
 62535 | Elf:3    | Identified the Guide on Captivating Companions
 62582 | Elf:3    | Identified Gilul's Tome of the Glacier
 62664 | Elf:2    | Identified the +8 chain mail of Kafaifan {rF+ MR+ MP-9}
                  | (You found it on level 2 of the Elven Halls)
 63137 | Vaults:5 | Entered Level 5 of the Vaults
 63159 | Vaults:5 | Reached skill level 1 in Throwing
 63209 | Vaults:5 | Received a gift from Trog
 63505 | Vaults:5 | Reached skill level 5 in Throwing
 63675 | Vaults:5 | Got a silver rune of Zot
 63805 | Vaults:5 | Acquired 1000 gold pieces
 63810 | Vaults:5 | Identified Sif Muna's Reference Book on Dusty Toxins
 63878 | Vaults:5 | Identified the ring of Xyal {rN+ MR+ Str+4 Int-4 Slay+2}
 63942 | Vaults:5 | Received a gift from Trog
 63974 | Vaults:5 | Noticed an ancient lich
 64012 | Vaults:5 | Killed an ancient lich
 64070 | Vaults:5 | Reached XP level 24. HP: 131/189 MP: 2/23
 64099 | Vaults:5 | Reached skill level 10 in Throwing
 64246 | Vaults:5 | Received a gift from Trog
 64987 | Vaults:5 | Identified the +1 glaive of Osytz {holy, rF+++ Str-5 Dex+6}
 65027 | Vaults:5 | Found Tiess's Magic Scroll Shoppe.
 65037 | Vaults:5 | Got a warped granite ring
 65038 | Vaults:5 | Identified the cursed ring of Elligan {rF- MR+ Str-4 Int+6
                  | Dex+2} (You found it on level 5 of the Vaults)
 65046 | Vaults:5 | Identified Pevvaeq's Tome of Hexes
 65048 | Vaults:5 | Got a glittering jade ring
 65052 | Vaults:5 | Identified the ring of Satisfaction {rN+ Str+4} (You found
                  | it on level 5 of the Vaults)
 65604 | Tomb:1   | Entered Level 1 of the Tomb of the Ancients
 66512 | Tomb:1   | Noticed a greater mummy
 66554 | Tomb:1   | Killed a greater mummy
 66554 | Tomb:1   | Received a gift from Trog
 66704 | Tomb:1   | Noticed a greater mummy
 66720 | Tomb:1   | Killed a greater mummy
 66938 | Tomb:1   | HP: 7/151 [death scarab (10)]
 68310 | D:4      | Bought a scroll of enchant weapon for 105 gold pieces
 68310 | D:4      | Bought a scroll of enchant weapon for 105 gold pieces
 69188 | Tomb:2   | Noticed a greater mummy
 69188 | Tomb:2   | Noticed a greater mummy
 69202 | Tomb:2   | Noticed a greater mummy
 69212 | Tomb:2   | Noticed a greater mummy
 69582 | Tomb:2   | Noticed Frederick
 69585 | Tomb:2   | HP: 4/151 [greater mummy/divine providence (11)]
 69585 | Tomb:2   | Slain by an ettin skeleton

Illustrated notes

Levels and vault maps discovered:
D:1:      saegor_arrival_simple_d, layout_basic, serial_bayou_lagoon_b
D:2:      layout_basic, glass_columns_a, kennysheep_generic_room_10
D:3:      layout_loops_cross, serial_forest, infiniplex_forest_clump_double,
          infiniplex_forest_lined_corner, infiniplex_forest_straight_2,
          infiniplex_forest_clump_double, infiniplex_forest_clump_medium,
          minivault_14
D:4:      layout_gridville, grunt_gozag_breadcrumbs, marbit_many_paths,
          serial_shops, shop
D:5:      layout_basic, nicolae_overflow_hidden_temple, cheibriados_altar_1,
          serial_shops, nicolae_shop_behind_doors
D:6:      layout_gridville, minmay_temple_entry_statues_fountains, serial_shops,
          nicolae_shop_overgrown_old_shop, serial_rivers,
          chequers_serial_rivers_micro_a, chequers_serial_rivers_large_b,
          chequers_serial_rivers_micro_c, chequers_serial_rivers_micro_c,
          chequers_serial_rivers_micro_c, uniq_duvessa, uniq_edmund, uniq_pikel,
          uniq_sigmund
D:7:      layout_basic, uniq_menkaure
D:8:      layout_basic, basic_altar, serial_shops, kennysheep_little_box,
          fedhas_ov_isle_minmay
D:9:      minmay_quarter_circles, layout_small_grid,
          nicolae_overflow_crystal_walls, vehumet_crystals, serial_shops, shop
D:10:     layout_roguey, uniq_urug
D:11:     layout_layer_cave, due_lair_maze_entry_diamond, erik_orc_4,
          serial_shops, shop, uniq_harold
D:12:     layout_basic, grunt_livestock, xom_teletrap_fun
D:13:     layout_cave_pools, minmay_guarded_unrand_vampires_tooth, uniq_azrael
D:14:     layout_rooms, ximxim_vaults_locker_room, serial_bayou_pond_c
D:15:     hangedman_depths_entry_civil_slaughter, layout_basic, basic_altar,
          lemuel_crystal_altar
Lair:1:   layout_chaotic_city, grunt_megastairs_1, uniq_maggie, uniq_sonja,
          uniq_grum
Lair:2:   layout_small_grid, guppyfry_snake_entry_island,
          grunt_forest_stairs_clearing, uniq_fannar
Lair:3:   gammafunk_boulding_lane, layout_loops_ring,
          minmay_shoals_entry_centaurs
Lair:4:   layout_cave_pods, infiniplex_staircase_pool_2, serial_bayou_shore_b
Lair:5:   layout_loops_ring, gauntlet_entry_generic, lemuel_fruit_tree,
          uniq_rupert
Lair:6:   grunt_lair_end_beastmaster, layout_regular_city, slime_altar_1,
          minivault_29
Shoals:1: layout_shoals
Shoals:2: layout_shoals, gammafunk_ghost_cemetery
Shoals:3: cheibrodos_shoals_gigantism, layout_shoals,
          nicolae_shoals_water_elemental_grotto
Shoals:4: shoals_end_simple, layout_shoals, portal_ice_cave_entry_frozen_things
Snake:1:  layout_misc_corridors, hangedman_snake_pattern, grunt_megastairs_2,
          uniq_kirke
Snake:2:  layout_misc_corridors, serial_shops, shop, shop, nicolae_shop_trees,
          nicolae_shop_window_shopping, nicolae_shop_statue_plus,
          serial_bayou_shore_b
Snake:3:  layout_chambers, serial_shops, nicolae_shop_waterfront
Snake:4:  grunt_snake_rune_serpentine_throne, layout_chambers,
          nicolae_snake_single_loop, nicolae_snake_squiggles, minmay_shop_star,
          serial_bayou_shore_b
Orc:1:    layout_caves, basic_altar, nicolae_volcano_entry_batcave,
          chequers_guarded_unrand_ignorance
Orc:2:    st_orc_rangers, layout_caves, serial_shops, shop,
          david_defended_altar_orc
Elf:1:    eino_elf_arrival_customs, layout_loops_corners, serial_shops, shop,
          hangedman_elf_represent, lemuel_flame_loot_1
Elf:2:    layout_onion_city, portal_desolation_entry_garden, serial_shops, shop,
          evilmike_minifort, lemuel_elevator
Elf:3:    minmay_elf_hall_not_hex, layout_gridlike, serial_shops, shop
Vaults:1: hangedman_vaults_nodes, vaults_room_door_ring, grunt_vaults_twisty,
          hangedman_vaults_stitches, nicolae_vaults_border_crossing,
          nicolae_vaults_shelves_hall, vaults_room_semicircle,
          layout_vaults_omnigrid
Vaults:2: nicolae_vaults_rhombus_7, ontoclasm_vaults_pinch, st_quartered_hall,
          nicolae_vaults_big_ls, ontoclasm_vaults_eye,
          nicolae_vaults_network_periphery, v_misc_16, nicolae_vaults_asterisk,
          vaults_dpeg_encased_lava, vaults_dpeg_diagonal, v_misc_25,
          grunt_vaults_funnel, layout_vaults_omnicross
Vaults:3: nicolae_vaults_specimen_jars, minmay_crypt_entry_simple_corners,
          grunt_vaults_trifunnel, nicolae_vaults_network_s,
          ontoclasm_vaults_bender, grunt_vaults_bifocal,
          hangedman_vaults_corner, grunt_vaults_hallway_long,
          ontoclasm_vaults_decontamination, vaults_room_stairs_pillars,
          layout_vaults_chaotic_city, serial_shops, nicolae_shop_behind_doors
Vaults:4: v_misc_12, vaults_room_large_hall, hangedman_vaults_slither,
          nicolae_vaults_circle_grid_b, vaults_mumra_minichess, v_misc_30,
          vaults_room_hallway, vaults_room_large_hall,
          ontoclasm_vaults_ligature, vaults_dpeg_hooks, vaults_dpeg_cross,
          vaults_mumra_hex, layout_vaults_omnibox
Vaults:5: serial_shops
Crypt:1:  layout_regular_city, minmay_guarded_unrand_skullcrusher
Crypt:2:  layout_gridlike, mu_enter_wizlab_6, nicolae_crypt_cryptocurrency,
          uniq_mara
Crypt:3:  quadcrypt_mu, uniq_mennas
Tomb:1
Tomb:2:   uniq_frederick

Skill      XL: |  1  2  3  4  5  6  7  8  9 10 11 12 13 14 15 16 17 18 19 20 21 22 23 24 |
---------------+-------------------------------------------------------------------------+-----
Fighting       | 3 4 5 6 7 9 10 11 13 14 15 | 15.4
Armour         | 2 3 4 5 6 8 9 10 11 12 13 | 13.0
Long Blades    | 4 5 6 7 9 11 13 15 17 | 17.2
Evocations     | 2 3 5 6 8 9 |  9.0
Shields        | 2 9 12 15 16 17 18 20 22 24 25 | 25.0
Dodging        | 5 9 10 | 10.9
Throwing       | 9 13 | 13.8

Action                   |  1- 3 |  4- 6 |  7- 9 | 10-12 | 13-15 | 16-18 | 19-21 | 22-24 || total
-------------------------+-------+-------+-------+-------+-------+-------+-------+-------++-------
Melee: Falchion          |   120 |    43 |       |       |       |       |       |       ||   163
       Bite              |    14 |    23 |    37 |   111 |   459 |   636 |  1086 |   762 ||  3128
       Long sword        |       |   123 |   290 |   154 |       |       |       |       ||   567
       Unarmed           |       |       |    12 |       |       |       |       |       ||    12
       Great sword       |       |       |       |   489 |       |       |       |       ||   489
       Scimitar          |       |       |       |    48 |  1900 |       |       |       ||  1948
       Lajatang          |       |       |       |     3 |       |       |       |       ||     3
       Morningstar       |       |       |       |       |    16 |       |       |       ||    16
       Quick blade       |       |       |       |       |   589 |  3720 |  4569 |  3133 || 12011
       Demon blade       |       |       |       |       |       |   126 |   264 |       ||   390
       Double sword      |       |       |       |       |       |       |    26 |     8 ||    34
Throw: Dart              |     1 |       |    18 |     9 |    27 |     5 |     4 |       ||    64
       Javelin           |       |       |       |       |       |       |       |    16 ||    16
Invok: Berserk           |       |     4 |     6 |    10 |    20 |     1 |     2 |       ||    43
       Trog's Hand       |       |     1 |     2 |     5 |     7 |     2 |     3 |     4 ||    24
       Brothers in Arms  |       |       |       |     8 |    12 |     2 |     6 |     5 ||    33
 Abil: Evoke Flight      |       |       |       |       |       |    18 |       |       ||    18
       Exsanguinate      |       |       |       |       |       |     1 |     1 |     1 ||     3
       Revivify          |       |       |       |       |       |       |     1 |       ||     1
       Evoke Invisibilit |       |       |       |       |       |       |       |     1 ||     1
Evoke: Wand              |       |       |       |     9 |     9 |     3 |       |       ||    21
       Phial of floods   |       |       |       |       |     2 |       |       |       ||     2
       Tin of tremorston |       |       |       |       |     3 |     2 |     3 |     7 ||    15
       Condenser vane    |       |       |       |       |       |       |       |     3 ||     3
       Lightning rod     |       |       |       |       |       |       |       |     4 ||     4
  Use: Scroll            |       |    17 |     2 |    11 |    11 |     1 |    17 |    27 ||    86
       Potion            |       |       |       |     3 |     7 |       |     2 |     3 ||    15
 Stab: Sleeping          |     1 |       |       |       |       |       |       |       ||     1
       Distracted        |       |       |       |     1 |     3 |     4 |       |       ||     8
       Paralysed         |       |       |       |     3 |       |       |       |       ||     3
Armor: Animal skin       |    25 |     5 |       |       |       |       |       |       ||    30
       Chain mail        |       |    75 |   182 |   423 |       |       |       |       ||   680
       Skin              |       |       |     9 |       |       |       |       |       ||     9
       Plate armour      |       |       |       |   150 |   883 |   537 |   360 |       ||  1930
       Gold dragon scale |       |       |       |       |       |       |   102 |   479 ||   581
Dodge: Dodged            |   101 |    97 |   135 |   424 |   523 |   227 |   295 |   412 ||  2214
Block: Kite shield       |       |       |       |    23 |   975 |       |       |       ||   998
       Tower shield      |       |       |       |       |   731 |  2732 |  2952 |  2334 ||  8749
       Rpst.: Falchion   |    25 |    11 |       |       |       |       |       |       ||    36
       Long sword        |       |    15 |    44 |    28 |       |       |       |       ||    87
       Great sword       |       |       |       |    84 |       |       |       |       ||    84
       Scimitar          |       |       |       |     4 |   109 |       |       |       ||   113
       Demon blade       |       |       |       |       |       |       |     3 |       ||     3
       Double sword      |       |       |       |       |       |       |       |     4 ||     4

Table legend: (Time is in decaauts)
 A = Elapsed time spent in this place.
 B = Non-inter-level travel time spent in this place.
 C = Inter-level travel time spent in this place.
 D = Time resting spent in this place.
 E = Time spent auto-exploring this place.
 F = Levels seen in this place.
 G = Mean time per level.
                   A        B        C        D        E       F      G
               +--------+--------+--------+--------+--------+-----+--------+
         Total |  61657 |  53133 |   8524 |   4180 |  33339 |  49 | 1258.3 |
       Dungeon |  16734 |  14351 |   2383 |    999 |  10166 |  15 | 1115.6 |
          Lair |   8521 |   7494 |   1027 |    103 |   5596 |   6 | 1420.2 |
        Shoals |   3141 |   2766 |    375 |     21 |   1815 |   4 |  785.2 |
     Snake Pit |   5404 |   4728 |    676 |     12 |   3398 |   4 | 1351.0 |
  Orcish Mines |   3151 |   2719 |    432 |    675 |   1070 |   2 | 1575.5 |
   Elven Halls |   4031 |   3276 |    755 |      9 |   2347 |   3 | 1343.7 |
        Vaults |   8943 |   7117 |   1826 |    115 |   4395 |   5 | 1788.6 |
         Crypt |   5189 |   4294 |    895 |    567 |   2236 |   3 | 1729.7 |
          Tomb |   2158 |   2006 |    152 |    667 |    840 |   2 | 1079.0 |
      Ice Cave |   1363 |   1363 |      0 |    576 |    300 |   1 | 1363.0 |
       Volcano |    459 |    459 |      0 |    157 |     79 |   1 |  459.0 |
        Wizlab |   1203 |   1203 |      0 |    171 |    464 |   1 | 1203.0 |
    Desolation |    882 |    882 |      0 |     27 |    410 |   1 |  882.0 |
      Gauntlet |    472 |    472 |      0 |     79 |    219 |   1 |  472.0 |
               +--------+--------+--------+--------+--------+-----+--------+

Top non-repeatable levels by time:
 Crypt:3: 2441 daAuts
Vaults:3: 2389 daAuts
    D:11: 2242 daAuts
  Tomb:1: 2086 daAuts
  Lair:6: 2006 daAuts
Vaults:1: 1876 daAuts
 Snake:4: 1863 daAuts
Vaults:2: 1730 daAuts
   Orc:1: 1637 daAuts
  Lair:4: 1609 daAuts
 Crypt:1: 1600 daAuts
Vaults:5: 1570 daAuts
   Orc:2: 1513 daAuts
    D:10: 1411 daAuts
   Elf:2: 1402 daAuts
